[ AOE2 MATCH · #505665096 ]
UnrankedChinese vs Goths
Player's team · WIN
Rival team · LOSS
[ REPLAY ANALYSIS · EXTRACTED FROM THE RECORDED GAME ]
Feudal
9:08
Castle
—
Imperial
—
| APM avg | 76.4 |
| APM peak | 88 |
| eAPM avg | 20.9 |
| Villagers / military | 19 / 4 |
Focus
⚔️ 51.9% · 🌾 48.1%
Militia ×4
Feudal
—
Castle
—
Imperial
—
| APM avg | 70.7 |
| APM peak | 102 |
| eAPM avg | 17.6 |
| Villagers / military | 21 / 7 |
Focus
⚔️ 31.0% · 🌾 69.0%
Militia ×7
Match map
Initial resources + every placement click. Lines = walls · curves = elevation contours. ◆ gold · ⬟ stone · ● berries · ✦ relic · ◌ wall gap
Your base
Mawashigeri's base
Smoothed initial terrain · ◌ = detected wall gap · hover for details
Inputs per minute
— Edgar Davids - - Mawashigeri
Build order — Edgar Davids
39 actions detected in the replay
| 0:01 | Research | Loom |
| 0:39 | Queue | Villager (Male) |
| 1:05 | Queue | Villager (Male) |
| 1:28 | Queue | Villager (Male) |
| 1:54 | Queue | Villager (Male) |
| 2:10 | Queue | Villager (Male) |
| 2:44 | Queue | Villager (Male) |
| 2:51 | Build | Lumber Camp |
| 2:57 | Queue | Villager (Male) |
| 3:13 | Build | House |
| 3:14 | Build | House |
| 3:28 | Queue | Villager (Male) |
| 3:40 | Queue | Villager (Male) |
| 3:45 | Queue | Villager (Male) |
| 4:25 | Queue | Villager (Male) |
| 4:33 | Queue | Villager (Male) |
| 5:33 | Build | Barracks |
| 5:36 | Queue | Villager (Male) |
| 5:43 | Queue | Villager (Male) |
| 5:53 | Build | House |
| 6:30 | Queue | Villager (Male) |
| 6:58 | Research | Feudal Age |
| 7:11 | Queue | Militia |
| 7:30 | Build | Mill |
| 7:36 | Queue | Militia |
| 7:38 | Queue | Militia |
| 7:57 | Build | Palisade Wall |
| 8:06 | Queue | Militia |
| 8:11 | Build | Palisade Wall |
| 8:13 | Build | Palisade Wall |
| 8:48 | Build | Palisade Gate |
| 9:02 | Queue | Villager (Male) |
| 9:08 | Age | Feudal Age |
| 9:12 | Research | Man-at-Arms (upgrade) |
| 9:18 | Build | Archery Range |
| 9:24 | Queue | Villager (Male) |
| 9:36 | Build | House |
| 9:46 | Queue | Villager (Male) |
| 10:03 | Queue | Villager (Male) |
Build order — Mawashigeri
42 actions detected in the replay
| 0:00 | Queue | Villager (Male) |
| 0:01 | Build | House |
| 0:02 | Build | House |
| 0:11 | Queue | Villager (Male) |
| 0:11 | Queue | Villager (Male) |
| 0:11 | Queue | Villager (Male) |
| 0:12 | Research | Loom |
| 1:41 | Queue | Villager (Male) |
| 1:58 | Build | Lumber Camp |
| 2:02 | Queue | Villager (Male) |
| 2:09 | Queue | Villager (Male) |
| 2:33 | Queue | Villager (Male) |
| 3:21 | Queue | Villager (Male) |
| 3:46 | Queue | Villager (Male) |
| 4:09 | Build | House |
| 4:10 | Queue | Villager (Male) |
| 4:33 | Queue | Villager (Male) |
| 4:56 | Build | Barracks |
| 4:59 | Queue | Villager (Male) |
| 5:24 | Queue | Villager (Male) |
| 5:31 | Build | House |
| 5:50 | Queue | Villager (Male) |
| 5:52 | Queue | Militia |
| 6:04 | Queue | Militia |
| 6:14 | Build | House |
| 6:21 | Queue | Militia |
| 6:22 | Queue | Villager (Male) |
| 6:37 | Build | Palisade Wall |
| 6:44 | Queue | Villager (Male) |
| 7:09 | Build | Mill |
| 7:09 | Queue | Villager (Male) |
| 7:21 | Build | House |
| 7:37 | Queue | Villager (Male) |
| 8:08 | Queue | Villager (Male) |
| 8:17 | Queue | Militia |
| 8:28 | Research | Feudal Age |
| 8:46 | Build | Lumber Camp |
| 8:53 | Queue | Militia |
| 9:25 | Queue | Militia |
| 9:45 | Queue | Militia |
| 9:56 | Build | House |
| 10:05 | Queue | Villager (Male) |
Match timeline
| 4:56 | Mawashigeri · first_building Barracks |
| 5:33 | Edgar Davids · first_building Barracks |
| 6:37 | Mawashigeri · wall_segment Palisade Wall x18 |
| 7:57 | Edgar Davids · wall_segment Palisade Wall x3 |
| 8:11 | Edgar Davids · wall_segment Palisade Wall x4 |
| 8:13 | Edgar Davids · wall_segment Palisade Wall x2 |
| 9:08 | Edgar Davids · age_up feudal |
| 9:18 | Edgar Davids · first_building Archery Range |
| 10:13 | Mawashigeri · resign |
[ AI ANALYSIS · 1 CREDIT ]
What really happened in this match?
Wolo.gg analyzes every decision: build order, eco, micro, common mistakes by bracket. Personalized analysis on WhatsApp or Discord in 30 seconds.
Civ guide
Chinese
Perfil
Jugador #2266228